 Dungeon Crawl Stone Soup version 0.18.1-2-ga659475 (webtiles) character file.

103 MDvedh the Cudgeler (level 4, -3/28 HPs)
             Began as a Gargoyle Fighter on May 8, 2016.
             Slain by a killer bee (6 damage)
             ... on level 2 of the Dungeon.
             The game lasted 00:04:03 (1572 turns).

MDvedh the Cudgeler (Gargoyle Fighter)              Turns: 1572, Time: 00:04:04

Health: -3/28      AC: 11    Str: 26    XL:     4   Next: 79%
Magic:  4/4        EV:  7    Int: 13    God:
Gold:   56         SH:  9    Dex:  9    Spells: 0 memorised, 3 levels left

rFire  . . .     SeeInvis .     a - +0 flail
rCold  . . .     Gourm    .     b - +0 scale mail
rNeg   + . .     Faith    .     c - +0 shield
rPois  ∞         Spirit   .     (no helmet)
rElec  +         Dismiss  .     (no cloak)
rCorr  .         Reflect  .     g - +0 pair of gloves
SustAt .         Harm     .     (no boots)
MR     .....                    (no amulet)
Stlth  ..........               (no ring)
                                (no ring)

@: mighty, brilliant, not resistant to hostile enchantments, extremely
unstealthy
A: negative energy resistance 1, electricity resistance, unbreathing,
petrification resistance, rot immunity, AC +3
a: no special abilities


You were on level 2 of the Dungeon.
You were hungry.

You visited 1 branch of the dungeon, and saw 3 of its levels.

You collected 56 gold pieces.

Inventory:

Hand Weapons
 a - a +0 flail (weapon)
Armour
 b - a +0 scale mail (worn)
 c - a +0 shield (worn)
 g - a +0 pair of gloves (worn)
Jewellery
 e - an uncursed ring of wizardry {unknown}
 o - a +3 ring of slaying {unknown}
Scrolls
 j - 2 scrolls of identify
 l - a scroll of magic mapping
Potions
 k - a potion of degeneration
 p - a potion of cure mutation
Comestibles
 f - a bread ration
 h - 2 beef jerkies
 q - a chunk of flesh


   Skills:
 - Level 3.2 Fighting
 + Level 4.8 Maces & Flails
 - Level 3.2 Armour
 - Level 3.2 Shields


You had 3 spell levels left.
You didn't know any spells.

Dungeon Overview and Level Annotations

Branches:
Dungeon (3/15)

Altars:
Kikubaaqudgha
Nemelex Xobeh
Qazlal


Innate Abilities, Weirdness & Mutations

You are resistant to torment.
Your stone body is resilient (AC +3).
You are immune to poison.
You resist negative energy.
You are resistant to electric shocks.
You can survive without breathing.
You are immune to petrification.
You are immune to rotting.


Message History

The killer bee stings you but does no damage.
Drink which item? (? for menu, Esc to quit)
Okay, then.
Read which item? (? for menu, Esc to quit)
Okay, then.
You aren't carrying any items that you can evoke.
You are feeling hungry.
Drink which item? (? for menu, Esc to quit)
Okay, then.
Read which item? (? for menu, Esc to quit)
Okay, then.
Wield which item (- for none, * to show all)? (? for menu, Esc to quit)
Okay, then.
Wear which item? (? for menu, Esc to quit)
Okay, then.
The killer bee stings you but does no damage.
Your magical contamination has completely faded away.
The killer bee stings you but does no damage.
The killer bee stings you.
You die...

###.............###.#...#
# #..#####.##†##....#...#
# #...## #.##.##.####)..#
###....###.##)##.####...#
#...........#.##.##.....#
..####.####.............#
..#.......#.....y.......#
..#.##....#....#y##.....#
..#.#.....#..###@##..#.##
......_......# #.##..#.#
#.#.....#.#.####.##..#.#
#.#....##.#.......#..#.#
#.#.......#.####.>#..#.#
#.####.####)...........#
#....................###
#####....##.####...###
#...<##.#####..#


You could see 2 killer bees.

Vanquished Creatures
  2 hound skeletons (D:2)
  2 adders (D:2)
  3 oozes (D:2)
  An adder skeleton (D:2)
  2 dart slugs
  A giant gecko (D:2)
  A bat skeleton (D:2)
  A bat zombie (D:2)
  4 giant cockroaches
  6 goblins
  4 hobgoblins
  2 bats
  2 giant gecko skeletons (D:2)
  2 giant newts (D:2)
  3 kobolds
  8 rats
44 creatures vanquished.

Notes
Turn   | Place    | Note
--------------------------------------------------------------
     0 | D:1      | MDvedh the Gargoyle Fighter began the quest for the Orb.
     0 | D:1      | Reached XP level 1. HP: 14/14 MP: 1/1
   415 | D:1      | Reached XP level 2. HP: 19/19 MP: 2/2
   660 | D:2      | Reached skill level 3 in Maces & Flails
   660 | D:2      | Reached XP level 3. HP: 22/23 MP: 3/3
   784 | D:2      | Found a sparkling altar of Nemelex Xobeh.
   882 | D:2      | Reached skill level 4 in Maces & Flails
   937 | D:2      | Reached XP level 4. HP: 28/28 MP: 4/4
   998 | D:2      | Found an ancient bone altar of Kikubaaqudgha.
  1024 | D:2      | Found a stormy altar of Qazlal.
  1572 | D:2      | Slain by a killer bee

Skill      XL: |  1  2  3 |
---------------+----------+-----
Maces & Flails | 3 4 |  4.8
Fighting       | |  3.2
Armour         | |  3.2
Shields        | |  3.2

Action                   |  1- 3 |  4- 6 || total
-------------------------+-------+-------++-------
Melee: Flail             |   107 |    72 ||   179
  Use: Scroll            |       |     6 ||     6
       Potion            |       |     5 ||     5
  Eat: Chunk             |       |     2 ||     2
Armor: Scale mail        |    54 |    67 ||   121
Dodge: Dodged            |    42 |    39 ||    81
Block: Shield            |    49 |    51 ||   100
